AoeStats
← SabahIctimasi

Nomad

509916518Analyzed
4v4 RM · 4d ago on Sep 28, 2026· 43m 50s· 8 players
Game mode
Random Map
Map size
231×231
Population
200
Speed
Normal
Resources
Standard
Victory
Conquest
Starting age
Dark Age
Ending age
Imperial Age
RankedLock teamsTeams togetherTeam positionsShared explorationLock speedFull tech treeHidden civsTurbo modeCheats
Victory
Defeat
🇹🇷 Burmese · Türkiye
1287
+14
🇨🇳 Persians · China
1285
+14
🇧🇷 Ethiopians · Brazil
1283
+14
🇺🇸 Spanish · United States
1221
+17
🇨🇭 Lithuanians · Switzerland
1292
-17
🇮🇹 Dravidians · Italy
1283
-16
🇪🇸 Portuguese · Spain
1197
-13
🇳🇴 Persians · Norway
1193
-23
[KBRA] Oeseka
5:10 Loom
12:54 Feudal Age
13:21 Double-Bit Axe
16:25 Fletching
23:50 Castle Age
24:51 Medium Warships
24:40 Bodkin Arrow
26:17 Bow Saw
27:51 Circumnavigation
30:46 Ballistics
33:00 Wheelbarrow
32:52 Scale Barding Armor
32:58 Forging
36:18 Imperial Age
36:26 Hand Cart
36:25 Bloodlines
36:38 Chain Barding Armor
39:38 Bracer
39:48 Siege Engineers
40:01 Light Cavalry
40:42 Husbandry
42:45 Chemistry
43:38 Two-Man Saw
44:23 Conscription
44:04 Arquebus
xalt0s
12:17 Feudal Age
10:36 Loom
15:00 Gold Mining
18:51 Double-Bit Axe
23:26 Castle Age
21:53 Horse Collar
25:21 Wheelbarrow
26:01 Medium Warships
28:02 Stone Mining
30:58 Bow Saw
31:02 Heavy Plow
30:56 Fishing Lines
32:33 Husbandry
33:20 Hand Cart
36:09 Bloodlines
37:01 Scale Barding Armor
37:06 Forging
37:20 Bloodlines
38:51 Kamandaran
39:13 Fletching
39:24 Padded Archer Armor
39:12 Crossbowman
40:31 Bodkin Arrow
40:51 Leather Archer Armor
40:55 Thumb Ring
41:46 Chain Barding Armor
42:23 Ballistics
Pancho
4:15 Loom
14:34 Feudal Age
21:30 Castle Age
24:06 Fletching
HSL | MaurKo
4:59 Loom
14:08 Feudal Age
14:42 Double-Bit Axe
15:21 Gold Mining
17:37 Castle Age
15:43 Horse Collar
18:41 Demolition Ship
26:10 Imperial Age
25:51 Wheelbarrow
26:07 Fletching
26:45 Bodkin Arrow
27:12 Ballistics
27:52 Chemistry
29:19 Bracer
29:33 Clinker Construction
31:17 Heavy Plow
31:54 Bow Saw
33:53 Masonry
35:50 Crossbowman
39:11 Arbalester
39:56 Thumb Ring
40:29 Thumb Ring
41:14 Padded Archer Armor
42:00 Conscription
42:58 Leather Archer Armor
petey_hs
4:57 Loom
13:28 Feudal Age
18:19 Castle Age
17:07 Double-Bit Axe
19:37 Wheelbarrow
19:11 Fishing Lines
19:36 Padded Archer Armor
19:27 Fletching
23:23 Bodkin Arrow
23:31 Gold Mining
24:18 Bow Saw
25:11 Horse Collar
29:31 Heavy Plow
36:24 Imperial Age
34:17 Stone Mining
35:03 Town Watch
35:36 Hand Cart
36:14 Stone Shaft Mining
35:58 Padded Archer Armor
36:15 Bloodlines
37:01 Husbandry
37:25 Conscription
37:16 Elite Conquistador
38:15 Leather Archer Armor
40:22 Two-Man Saw
39:26 Inquisition
39:34 Bracer
41:11 Chemistry
40:31 Ballistics
40:07 Murder Holes
41:57 Light Cavalry
42:56 Masonry
۞_KDZ_۞
10:36 Loom
13:53 Feudal Age
14:22 Double-Bit Axe
15:17 Fishing Lines
17:30 Wheelbarrow
17:06 Horse Collar
18:15 Arson
19:10 Fletching
25:22 Castle Age
24:06 Scale Mail Armor
25:15 Forging
26:00 Padded Archer Armor
26:07 Squires
26:31 Bow Saw
26:51 Crossbowman
30:48 Heavy Plow
30:59 Bodkin Arrow
32:15 Thumb Ring
32:28 Chain Mail Armor
35:41 Leather Archer Armor
42:55 Stone Mining
SabahIctimasi
4:38 Loom
4:56 Loom
14:32 Feudal Age
15:18 Gold Mining
15:43 Fishing Lines
21:30 Castle Age
20:23 Fletching
22:23 Gillnets
24:34 Wheelbarrow
23:40 Horse Collar
30:35 Gold Shaft Mining
30:22 Heavy Plow
31:43 Hand Cart
31:14 Town Watch
34:08 Bloodlines
37:18 Imperial Age
35:00 Stone Mining
37:04 Husbandry
37:21 Scale Barding Armor
37:26 Forging
37:24 Elite Battle Elephant
39:06 Chain Barding Armor
41:21 Plate Barding Armor
41:21 Iron Casting
43:21 Crop Rotation
一一
5:44 Loom
14:13 Feudal Age
18:12 Castle Age
15:58 Town Watch
19:49 Wheelbarrow
26:08 Double-Bit Axe
26:22 Horse Collar
28:40 Bow Saw
28:38 Heavy Plow
32:26 Hand Cart
32:23 Gold Mining
32:23 Stone Mining
35:16 Stone Shaft Mining
35:16 Gold Shaft Mining
37:36 Imperial Age
36:29 Husbandry
36:40 Bloodlines
36:46 Scale Barding Armor
36:52 Forging
36:33 Fletching
37:07 Ballistics
36:43 Murder Holes
36:59 Masonry
37:18 Cavalier
40:13 Crop Rotation
40:46 Two-Man Saw
40:46 Town Patrol
41:32 Chain Barding Armor
41:55 Conscription
42:59 Plate Barding Armor
43:00 Iron Casting
42:22 Bodkin Arrow
43:32 Savar
Connection lost

Rejoining the realm…

Still unreachable

The connection could not be restored.

Session expired

The server has moved on; the page needs a fresh start.